AAA
PORTSMOUTH ATLANTICS @ QUEBEC FIGHTING QUAKERS
06/30/2060
 
TOP OF THE 1ST
Portsmouth Atlantics batting - Pitching for Quebec Fighting Quakers : RHP Kaileb Vesely
Pitching: RHP Kaileb Vesely
Batting: RHB Kris McKay 0-0: Ball
1-0: Ball
2-0: Ball
3-0: Called Strike
3-1: Foul Ball, location: 2F
3-2: SINGLE (Line Drive, 34D, EV 96.2 MPH)
Batting: LHB Samir Zogjani 0-0: Ball
1-0: Ball
2-0: Fly out, F7 (Flyball, 7LM, EV 97.5 MPH)
Batting: RHB Chase Hagarty 0-0: Ground out 5-3 (Groundball, 56S, EV 63.8 MPH)
Kris McKay to second
Batting: SHB Semaj Ramirez 0-0: Fly out, F8 (Flyball, 8RM, EV 82.5 MPH)
Top of the 1st over - 0 runs, 1 hit, 0 errors, 1 left on base; Portsmouth 0 - Quebec 0
BOTTOM OF THE 1ST
Quebec Fighting Quakers batting - Pitching for Portsmouth Atlantics : RHP Al Williams
Pitching: RHP Al Williams
Batting: RHB Derell Machuca 0-0: Fly out, F8 (Flyball, 8LS, EV 88.1 MPH)
Batting: LHB Neil Fedunina 0-0: Swinging Strike
0-1: Ball
1-1: SINGLE (Line Drive, 7S, EV 105.6 MPH)
Batting: RHB Evan Bocian 0-0: Ball
1-0: Swinging Strike
1-1: Swinging Strike
1-2: Ball
2-2: Foul Ball, location: 2F
2-2: Fly out, F7 (Flyball, 7, EV 91.9 MPH)
Batting: LHB Kevyn O'Flynn 0-0: SINGLE (Groundball, 6MS, EV 60.6 MPH) (infield hit)
Neil Fedunina to second
Batting: RHB TeMarcus Turner 0-0: Foul Ball, location: 2F
0-1: Fly out, F8 (Flyball, 8LD, EV 103.1 MPH)
Bottom of the 1st over - 0 runs, 2 hits, 0 errors, 2 left on base; Portsmouth 0 - Quebec 0
TOP OF THE 2ND
Portsmouth Atlantics batting - Pitching for Quebec Fighting Quakers : RHP Kaileb Vesely
Batting: RHB Jayson Hart 0-0: Swinging Strike
0-1: Called Strike
0-2: Ball
1-2: Ball
2-2: Strikes out looking
Batting: RHB Jericho Gurgenidze 0-0: Ball
1-0: Foul Ball, location: 2F
1-1: Called Strike
1-2: Foul Ball, location: 2F
1-2: Foul Ball, location: 2F
1-2: Ball
2-2: Ball
3-2: Foul Ball, location: 2F
3-2: Fly out, F6 (Line Drive, 56, EV 70.0 MPH)
Batting: LHB Quince Azariev 0-0: Called Strike
0-1: Swinging Strike
0-2: Ball
1-2: Foul Ball, location: 2F
1-2: Strikes out swinging
Top of the 2nd over - 0 runs, 0 hits, 0 errors, 0 left on base; Portsmouth 0 - Quebec 0
BOTTOM OF THE 2ND
Quebec Fighting Quakers batting - Pitching for Portsmouth Atlantics : RHP Al Williams
Batting: RHB Andy Christman 0-0: Foul Ball, location: 2F
0-1: Ground out 6-3 (Groundball, P, EV 76.2 MPH)
Batting: RHB Charleston Chesney 0-0: Foul Ball, location: 2F
0-1: Foul Ball, location: 2F
0-2: Foul Ball, location: 2F
0-2: Fly out, F9 (Flyball, 9D, EV 100.0 MPH)
Batting: RHB Sean Groom 0-0: Ball
1-0: Called Strike
1-1: Ground out 1-3 (Groundball, 13, EV 71.9 MPH)
Bottom of the 2nd over - 0 runs, 0 hits, 0 errors, 0 left on base; Portsmouth 0 - Quebec 0
TOP OF THE 3RD
Portsmouth Atlantics batting - Pitching for Quebec Fighting Quakers : RHP Kaileb Vesely
Batting: RHB Justen Brown 0-0: Called Strike
0-1: Swinging Strike
0-2: Foul Ball, location: 2F
0-2: Ball
1-2: Strikes out swinging
Batting: RHB Darius Brown 0-0: Called Strike
0-1: Ground out 5-3 (Groundball, 56, EV 79.4 MPH)
Batting: RHB Kris McKay 0-0: Foul Ball, location: 2F
0-1: Ball
1-1: Ball
2-1: Ball
3-1: Foul Ball, location: 2F
3-2: Ground out 6-3 (Groundball, 6MD, EV 94.4 MPH)
Top of the 3rd over - 0 runs, 0 hits, 0 errors, 0 left on base; Portsmouth 0 - Quebec 0
BOTTOM OF THE 3RD
Quebec Fighting Quakers batting - Pitching for Portsmouth Atlantics : RHP Al Williams
Batting: RHB Kyle Long 0-0: Called Strike
0-1: Foul Ball, location: 2F
0-2: Strikes out swinging
Batting: RHB Derell Machuca 0-0: Foul Ball, location: 2F
0-1: Ball
1-1: Ball
2-1: Foul Ball, location: 2F
2-2: Ground out 3-1 (Groundball, 34, EV 87.5 MPH)
Batting: LHB Neil Fedunina 0-0: SOLO HOME RUN (Flyball, 9D, EV 95.6 MPH), Distance : 351 ft
Batting: RHB Evan Bocian 0-0: Ball
1-0: Ground out 6-3 (Groundball, 6, EV 98.8 MPH)
Bottom of the 3rd over - 1 run, 1 hit, 0 errors, 0 left on base; Portsmouth 0 - Quebec 1
TOP OF THE 4TH
Portsmouth Atlantics batting - Pitching for Quebec Fighting Quakers : RHP Kaileb Vesely
Batting: LHB Samir Zogjani 0-0: Foul Ball, location: 2F
0-1: Called Strike
0-2: Ball
1-2: Strikes out swinging
Batting: RHB Chase Hagarty 0-0: Ball
1-0: Ball
2-0: Foul Ball, location: 2F
2-1: Foul Ball, location: 2F
2-2: SINGLE (Line Drive, 7S, EV 105.6 MPH)
Batting: SHB Semaj Ramirez 0-0: Fly out, F6 (Line Drive, 6, EV 66.9 MPH)
Batting: RHB Jayson Hart 0-0: Ball
1-0: Swinging Strike
1-1: Fly out, F8 (Flyball, 8LD, EV 101.9 MPH)
Top of the 4th over - 0 runs, 1 hit, 0 errors, 1 left on base; Portsmouth 0 - Quebec 1
BOTTOM OF THE 4TH
Quebec Fighting Quakers batting - Pitching for Portsmouth Atlantics : RHP Al Williams
Batting: LHB Kevyn O'Flynn 0-0: SINGLE (Line Drive, 7LS, EV 95.6 MPH)
Batting: RHB TeMarcus Turner 0-0: Ball
1-0: Called Strike
1-1: Called Strike
Kevyn O'Flynn steals 2nd base (no throw)
1-2: Ball
2-2: Ground out 6-3 (Groundball, 6, EV 81.9 MPH)
Kevyn O'Flynn to third
Batting: RHB Andy Christman 0-0: Ball
1-0: Called Strike
1-1: Foul Ball, location: 2F
1-2: Strikes out swinging
Batting: RHB Charleston Chesney 0-0: Ground out 5-3 (Groundball, 5S, EV 71.2 MPH)
Bottom of the 4th over - 0 runs, 1 hit, 0 errors, 1 left on base; Portsmouth 0 - Quebec 1
TOP OF THE 5TH
Portsmouth Atlantics batting - Pitching for Quebec Fighting Quakers : RHP Kaileb Vesely
Batting: RHB Jericho Gurgenidze 0-0: Ball
1-0: Called Strike
1-1: Ball
2-1: Ball
3-1: SINGLE (Groundball, 6MD, EV 100.6 MPH)
Batting: LHB Quince Azariev 0-0: Ball
1-0: Ball
2-0: Foul Ball, location: 2F
2-1: Fly out, F8 (Flyball, 89D, EV 102.5 MPH)
Batting: RHB Justen Brown 0-0: Foul Ball, location: 2F
0-1: Ball
1-1: Grounds into double play, 6-4-3 (Groundball, 56, EV 81.2 MPH)
Top of the 5th over - 0 runs, 1 hit, 0 errors, 0 left on base; Portsmouth 0 - Quebec 1
BOTTOM OF THE 5TH
Quebec Fighting Quakers batting - Pitching for Portsmouth Atlantics : RHP Al Williams
Batting: RHB Sean Groom 0-0: Called Strike
0-1: Ball
1-1: Ground out 4-3 (Groundball, 4, EV 84.4 MPH)
Batting: RHB Kyle Long 0-0: Called Strike
0-1: Ball
1-1: Ball
2-1: Foul Ball, location: 2F
2-2: Strikes out swinging
Batting: RHB Derell Machuca 0-0: Fly out, F7 (Line Drive, 78M, EV 105.6 MPH)
Bottom of the 5th over - 0 runs, 0 hits, 0 errors, 0 left on base; Portsmouth 0 - Quebec 1
TOP OF THE 6TH
Portsmouth Atlantics batting - Pitching for Quebec Fighting Quakers : RHP Kaileb Vesely
Batting: RHB Darius Brown 0-0: Ball
1-0: Foul Ball, location: 2F
1-1: Called Strike
1-2: Ball
2-2: Fly out, F9 (Line Drive, 9D, EV 90.0 MPH)
Batting: RHB Kris McKay 0-0: Ball
1-0: Swinging Strike
1-1: Ball
2-1: SINGLE (Groundball, 34D, EV 109.4 MPH)
Batting: LHB Samir Zogjani 0-0: Ball
1-0: SINGLE (Groundball, 56D, EV 96.2 MPH)
Kris McKay to second
Batting: RHB Chase Hagarty 0-0: Called Strike
0-1: Ball
1-1: Swinging Strike
1-2: Foul Ball, location: 2F
1-2: Foul Ball, location: 2F
1-2: Strikes out swinging
Batting: SHB Semaj Ramirez 0-0: Ball
1-0: Called Strike
1-1: Called Strike
1-2: Strikes out swinging
Top of the 6th over - 0 runs, 2 hits, 0 errors, 2 left on base; Portsmouth 0 - Quebec 1
BOTTOM OF THE 6TH
Quebec Fighting Quakers batting - Pitching for Portsmouth Atlantics : RHP Al Williams
Batting: LHB Neil Fedunina 0-0: Ball
1-0: TRIPLE (Line Drive, 8RXD, EV 113.8 MPH)
Batting: RHB Evan Bocian 0-0: Intentional Walk
Batting: LHB Kevyn O'Flynn 0-0: Fly out, F7 (Flyball, 7D, EV 93.8 MPH)
Runner from 3rd tags up, OUT at HOME! 7-2
Evan Bocian to second
Batting: RHB TeMarcus Turner 0-0: Called Strike
0-1: Swinging Strike
0-2: Ball
1-2: Strikes out looking
Bottom of the 6th over - 0 runs, 1 hit, 0 errors, 1 left on base; Portsmouth 0 - Quebec 1
TOP OF THE 7TH
Portsmouth Atlantics batting - Pitching for Quebec Fighting Quakers : RHP Kaileb Vesely
Batting: RHB Jayson Hart 0-0: Swinging Strike
0-1: Ball
1-1: Ground out 6-3 (Groundball, 6, EV 81.9 MPH)
Batting: RHB Jericho Gurgenidze 0-0: Ball
1-0: Called Strike
1-1: Fly out, F9 (Line Drive, 9LM, EV 90.6 MPH)
Batting: LHB Quince Azariev 0-0: Ball
1-0: Ground out U3 (Groundball, 3, EV 81.9 MPH)
Top of the 7th over - 0 runs, 0 hits, 0 errors, 0 left on base; Portsmouth 0 - Quebec 1
BOTTOM OF THE 7TH
Quebec Fighting Quakers batting - Pitching for Portsmouth Atlantics : RHP Al Williams
Batting: RHB Andy Christman 0-0: Ball
1-0: Called Strike
1-1: Foul Ball, location: 2F
1-2: Foul Ball, location: 2F
1-2: Strikes out swinging
Batting: RHB Charleston Chesney 0-0: Called Strike
0-1: Ball
1-1: SINGLE (Line Drive, 89S, EV 108.1 MPH)
Batting: RHB Sean Groom 0-0: Ball
1-0: Called Strike
1-1: Foul Ball, location: 2F
1-2: Foul Ball, location: 2F
1-2: SINGLE (Line Drive, 34D, EV 95.0 MPH)
Charleston Chesney to second
Runner from 2nd tries for 3rd, OUT! 9-5
Batting: RHB Kyle Long 0-0: Called Strike
0-1: Called Strike
0-2: SINGLE (Line Drive, 7S, EV 86.9 MPH)
Sean Groom to second
Batting: RHB Derell Machuca 0-0: Ground out 4-3 (Groundball, 4, EV 80.0 MPH)
Bottom of the 7th over - 0 runs, 3 hits, 0 errors, 2 left on base; Portsmouth 0 - Quebec 1
TOP OF THE 8TH
Portsmouth Atlantics batting - Pitching for Quebec Fighting Quakers : RHP Kaileb Vesely
Batting: RHB Justen Brown 0-0: Called Strike
0-1: Foul Ball, location: 2F
0-2: Ball
1-2: Ball
2-2: Ground out 6-3 (Groundball, 56, EV 80.0 MPH)
Pinch Hitting: SHB Henry Dunbar 0-0: Ball
1-0: Ball
2-0: Called Strike
2-1: Called Strike
2-2: Ball
3-2: Strikes out swinging
Batting: RHB Kris McKay 0-0: Called Strike
0-1: Foul Ball, location: 2F
0-2: Ball
1-2: Ball
2-2: Foul Ball, location: 2F
2-2: SINGLE (Line Drive, 89S, EV 92.5 MPH)
Pitching: RHP Rogan Lake
Batting: LHB Samir Zogjani 0-0: Ball
1-0: Called Strike
1-1: SINGLE (Line Drive, 7LD, EV 105.6 MPH)
Kris McKay to second
Batting: RHB Chase Hagarty 0-0: Ball
1-0: Called Strike
1-1: Fielders Choice at 2nd, 6-4 (Groundball, 6, EV 91.2 MPH)
Top of the 8th over - 0 runs, 2 hits, 0 errors, 2 left on base; Portsmouth 0 - Quebec 1
BOTTOM OF THE 8TH
Quebec Fighting Quakers batting - Pitching for Portsmouth Atlantics : RHP Al Williams
Now at 2B: Tim McClure
Batting: LHB Neil Fedunina 0-0: Ball
1-0: Ball
2-0: Fly out, F8 (Flyball, 8LD, EV 94.4 MPH)
Batting: RHB Evan Bocian 0-0: Ball
1-0: SINGLE (Line Drive, 5D, EV 96.9 MPH)
Batting: LHB Kevyn O'Flynn 0-0: Ball
1-0: Fielders Choice at 2nd, 4-6 (Groundball, 4, EV 106.9 MPH)
Batting: RHB TeMarcus Turner 0-0: Ball
Kevyn O'Flynn is caught stealing 2nd base 2-4
Bottom of the 8th over - 0 runs, 1 hit, 0 errors, 0 left on base; Portsmouth 0 - Quebec 1
TOP OF THE 9TH
Portsmouth Atlantics batting - Pitching for Quebec Fighting Quakers : RHP Rogan Lake
Pitching: RHP Gavin Pool
Batting: SHB Semaj Ramirez 0-0: Fly out, F8 (Line Drive, 8LM, EV 92.5 MPH)
Batting: RHB Jayson Hart 0-0: Called Strike
0-1: Ball
1-1: Called Strike
1-2: Fly out, F8 (Flyball, 89D, EV 104.4 MPH)
Batting: RHB Jericho Gurgenidze 0-0: Foul Ball, location: 2F
0-1: DOUBLE (Line Drive, 9LS, EV 102.5 MPH)
Batting: LHB Quince Azariev 0-0: Foul Ball, location: 2F
0-1: Ball
1-1: Called Strike
1-2: Foul Ball, location: 2F
1-2: Ball
2-2: Foul Ball, location: 2F
2-2: Fly out, F8 (Flyball, 8LD, EV 102.5 MPH)
Top of the 9th over - 0 runs, 1 hit, 0 errors, 1 left on base; Portsmouth 0 - Quebec 1
Monday, May 13th , 2024 - OOTP Baseball 23.10 Build 110